 Dungeon Crawl Stone Soup version 0.23-a0-808-gd21de94 (webtiles) character file.

13770 Hydrazoo the Martial Artist (level 12, -2/105 HPs)
             Began as an Octopode Transmuter on Jan 20, 2019.
             Was an Elder of Makhleb.
             Slain by an eight-headed hydra (11 damage)
             ... on level 11 of the Dungeon.
             The game lasted 00:40:15 (15980 turns).

Hydrazoo the Martial Artist (Octopode Transmuter)  Turns: 15980, Time: 00:40:16

Health: -2/105     AC:  6    Str: 11    XL:     12   Next: 9%
Magic:  16/18      EV: 11    Int: 18    God:    Makhleb [****..]
Gold:   599        SH:  0    Dex: 13    Spells: 7/15 levels left

rFire    . . .     SeeInvis .     - Unarmed
rCold    + + +     Gourm    +   (shield currently unavailable)
rNeg     . . .     Faith    .   (helmet currently unavailable)
rPois    +         Spirit   .   n - amulet of the gourmand
rElec    .         Reflect  .   q - +4 ring of slaying
rCorr    .         Harm     .   B - ring of protection from fire
MR       .....                  (no ring)
Stlth    +.........             (no ring)
HPRegen  0.27/turn              (no ring)
MPRegen  0.16/turn              (no ring)
                                (no ring)
                                (no ring)

@: about to teleport, ice-form
A: large, almost no armour, stealthy swim, amphibious, 8 rings, (constrict 8)
a: End Transformation, Minor Destruction, Lesser Servant of Makhleb, Major
Destruction, Renounce Religion


You were on level 11 of the Dungeon.
You worshipped Makhleb.
Makhleb was greatly pleased with you.
You were not hungry.
You were a creature of crystalline ice.
You visited 2 branches of the dungeon, and saw 12 of its levels.

You collected 599 gold pieces.

Inventory:

Missiles
 a - 334 arrows
Armour
 J - a +2 hat of magic resistance (melded)
Jewellery
 n - an amulet of the gourmand (around neck)
 q - a +4 ring of slaying (left front paw)
 B - a ring of protection from fire (right front paw)
 C - an uncursed amulet of harm {unknown}
Wands
 g - a wand of disintegration (7)
 i - a wand of iceblast (1)
 j - a wand of scattershot (5)
 s - a wand of digging (6)
 w - a wand of polymorph (8)
 H - a wand of flame (20)
 K - a wand of enslavement (4)
Scrolls
 e - 3 scrolls of fog
 m - 6 scrolls of teleportation
 r - 2 scrolls of immolation
 t - a scroll of noise {unknown}
 u - 3 scrolls of remove curse {unknown}
 x - 2 scrolls of enchant armour {unknown}
 y - a scroll of fear {unknown}
 A - 3 scrolls of amnesia {unknown}
 D - a scroll of blinking
 E - a scroll of brand weapon {unknown}
 F - a scroll of enchant weapon {unknown}
 G - a scroll of holy word {unknown}
 I - a scroll of random uselessness {unknown}
Potions
 b - a potion of ambrosia
 d - a potion of degeneration {unknown}
 f - a potion of lignification {unknown}
 h - 3 potions of flight
 k - 2 potions of magic
 l - 2 potions of heal wounds {unknown}
 o - 2 potions of resistance {unknown}
 p - 5 potions of haste
 v - a potion of might {unknown}
 z - 2 potions of berserk rage
Comestibles
 c - 12 rations


   Skills:
 + Level 10.4 Fighting
 + Level 3.2 Dodging
 + Level 10.9 Unarmed Combat
 - Level 2.0 Spellcasting
 - Level 8.0 Transmutations
 - Level 5.0 Ice Magic
 + Level 8.3 Invocations


You had 7 spell levels left.
You knew the following spells:

 Your Spells              Type           Power        Failure   Level  Hunger
a - Beastly Appendage     Tmut           ####..       1%          1    #......
b - Spider Form           Tmut/Pois      ###.......   11%         3    ###....
c - Ice Form              Ice/Tmut       ####....     12%         4    #####..

Your spell library contained the following spells:

 Spells                   Type           Power        Failure   Level  Hunger
 Sticks to Snakes         Tmut           ####....     1%          2    ###....
 Blade Hands              Tmut           ####......   19%         5    ######.


Dungeon Overview and Level Annotations

Branches:
Dungeon (11/15)            Temple (1/1) D:4            Lair (0/6) D:9
    Orc: D:9-12

Altars:
Ashenzari
Cheibriados
Makhleb
Okawaru
Sif Muna
Trog
Yredelemnul
Zin

Shops:
D:5 *   D:9 %

Annotations:
D:4 1 transporter
D:6 2 runed doors, kirsanium's ghost, novice OpFE
D:9 3 runed doors, Duffy's ghost, novice NaFi


Innate Abilities, Weirdness & Mutations

You cannot wear most types of armour.
You are very stealthy in the water. (Stealth+)
You are amphibious.
You can wear up to eight rings at the same time.
((You can use your tentacles to constrict eight enemies at once.))
((Your skin changes colour to match your surroundings (Stealth+).))
((Your rubbery body absorbs attacks. (AC +1, EV +1)))


Message History

You kill the hornet!
Makhleb accepts your kill.
You feel sick.
A yak comes into view.
As you read the scroll of teleportation, it crumbles to dust.
You feel strangely unstable.
You feel sick. The eight-headed hydra bites you.
The eight-headed hydra closely misses you.
The eight-headed hydra bites you! The eight-headed hydra bites you.
The eight-headed hydra bites you!
* * * LOW HITPOINT WARNING * * *
The eight-headed hydra bites you.
* * * LOW HITPOINT WARNING * * *
The eight-headed hydra bites you!
* * * LOW HITPOINT WARNING * * *
The eight-headed hydra barely misses you.
You feel better.
You feel yourself speed up.
The yak bellows!
The eight-headed hydra bites you!
You die...

#...# #..# #...# #..#
#...# #..# #YY.# #..
#..# #.Y.# #..# #..#
#..!# #..# #..#
#...####..# #..#
#..####.........#
#..####...YDYY.Y......#
#.........###Y........#
#.........# #.........#
#.........# #.........#
#.#####..#####..#
#.........# #........#
#..# #.).......#
#........# #..#
#.........# .........#
#..# #.........
.........# #..#
#.........#


You could see an eight-headed hydra and 4 yaks.

Vanquished Creatures
  Gastronok (D:9)
  A two-headed ogre (D:9)
  Maurice (D:10)
  Joseph (D:8)
  A merfolk (D:9)
  A hornet (D:11)
  2 trolls
  3 hippogriffs
  Sigmund (D:4)
  8 yaks
  2 wyverns
  2 basilisks (D:9)
  2 hungry ghosts
  Duvessa (D:4)
  A water moccasin (D:5)
  5 orc warriors
  5 porcupines (D:9)
  6 phantoms
  3 ice beasts
  3 sky beasts
  3 black bears (D:9)
  6 ogres
  8 centaurs
  2 crocodiles (D:9)
  2 big kobolds
  4 bullfrogs
  Dowan (D:4)
  A water moccasin skeleton (D:7)
  4 scorpions
  9 killer bees (D:8)
  7 wights
  A howler monkey (D:10)
  A centaur zombie (D:7)
  3 crimson imps
  6 hounds
  A bullfrog zombie (D:7)
  8 jellies
  7 orc priests
  5 gnoll shamans (D:8)
  11 orc wizards
  A bullfrog skeleton (D:3)
  3 iguanas
  10 worker ants
  A hound skeleton (D:2)
  A worker ant zombie (D:2)
  11 adders
  19 gnolls
  3 oozes
  An adder zombie (D:2)
  4 adder skeletons
  3 dart slugs
  5 leopard geckos
  49 orcs
  12 bats
  2 bat zombies (D:2)
  2 giant cockroaches
  7 goblins
  7 hobgoblins
  17 jackals
  2 quokkas
  3 ball pythons
  4 frilled lizards
  2 jackal zombies
  13 kobolds
  12 rats
334 creatures vanquished.

Vanquished Creatures (others)
  3 bushes (D:9)
  8 fungi
  5 plants
16 creatures vanquished.

Grand Total: 350 creatures vanquished

Notes
Turn   | Place    | Note
-------+----------+-------------------------------------------
     0 | D:1      | Hydrazoo the Octopode Transmuter began the quest for the
                  | Orb.
     0 | D:1      | Reached XP level 1. HP: 13/13 MP: 3/3
   363 | D:1      | Reached XP level 2. HP: 18/18 MP: 5/5
  1046 | D:1      | Reached XP level 3. HP: 23/23 MP: 6/6
  1051 | D:1      | Learned a level 3 spell: Spider Form
  1522 | D:2      | Found a faded altar of an unknown god.
  1524 | D:2      | Reached XP level 4. HP: 29/29 MP: 7/7
  2506 | D:2      | Reached XP level 5. HP: 33/34 MP: 8/8
  2516 | D:2      | Learned a level 4 spell: Ice Form
  2838 | D:3      | Reached skill level 1 in Ice Magic
  3131 | D:3      | Reached XP level 6. HP: 37/41 MP: 9/9
  3963 | D:4      | Noticed Sigmund
  4295 | D:4      | Killed Sigmund
  4295 | D:4      | Reached skill level 5 in Transmutations
  4295 | D:4      | Reached XP level 7. HP: 31/46 MP: 6/10
  4471 | D:4      | Noticed Duvessa
  4478 | D:4      | Noticed Dowan
  4480 | D:4      | Killed Duvessa
  4486 | D:4      | Killed Dowan
  5382 | D:4      | Found a transporter.
  5417 | D:4      | Found a transporter.
  5450 | D:4      | Noticed a kobold demonologist
  5565 | D:4      | Found a staircase to the Ecumenical Temple.
  5571 | Temple   | Entered the Ecumenical Temple
  5595 | Temple   | Became a worshipper of Makhleb the Destroyer
  5656 | D:5      | Entered Level 5 of the Dungeon
  6228 | D:5      | Reached XP level 8. HP: 33/54 MP: 7/11
  6389 | D:5      | Noticed a wyvern
  6393 | D:5      | Killed a wyvern
  6393 | D:5      | Reached skill level 5 in Unarmed Combat
  6925 | D:5      | Reached skill level 5 in Ice Magic
  7072 | D:5      | Found Osawomer's Assorted Antiques.
  7113 | D:5      | Found a bloodstained altar of Trog.
  7239 | D:6      | Reached skill level 1 in Invocations
  7239 | D:6      | Reached XP level 9. HP: 56/60 MP: 8/12
  7240 | D:6      | Reached * piety under Makhleb
  7498 | D:6      | Reached skill level 5 in Fighting
  8472 | D:6      | Found a large runed door.
  8486 | D:6      | Found a large runed door.
  8486 | D:6      | Noticed kirsanium's ghost (novice OpFE)
  8738 | D:7      | Reached ** piety under Makhleb
  9188 | D:7      | Reached XP level 10. HP: 69/69 MP: 8/13
  9292 | D:7      | Reached skill level 5 in Invocations
 10085 | D:8      | Reached *** piety under Makhleb
 11703 | D:8      | Noticed Joseph
 11716 | D:8      | Killed Joseph
 11848 | D:8      | Reached **** piety under Makhleb
 12464 | D:9      | Reached XP level 11. HP: 72/78 MP: 11/15
 12695 | D:9      | Found a runed gate.
 12695 | D:9      | Found a runed gate.
 12695 | D:9      | Noticed a two-headed ogre
 12696 | D:9      | Found a runed gate.
 12706 | D:9      | Killed a two-headed ogre
 12722 | D:9      | Found Gaonyd's Food Shoppe.
 12727 | D:9      | Noticed Duffy's ghost (novice NaFi)
 13492 | D:9      | Found a staircase to the Lair.
 13636 | D:9      | Reached skill level 10 in Unarmed Combat
 13703 | D:9      | Noticed Gastronok
 13732 | D:9      | Killed Gastronok
 14024 | D:9      | Found a bloodstained altar of Trog.
 14041 | D:9      | Reached skill level 10 in Fighting
 14495 | D:10     | Entered Level 10 of the Dungeon
 14495 | D:10     | Found a shattered altar of Ashenzari.
 15461 | D:10     | Noticed Maurice
 15476 | D:10     | Killed Maurice
 15476 | D:10     | Reached XP level 12. HP: 88/88 MP: 15/18
 15971 | D:11     | Noticed an eight-headed hydra
 15976 | D:11     | Paralysed by a hornet for 2 turns
 15979 | D:11     | HP: 4/105 [eight-headed hydra (9)]
 15980 | D:11     | Slain by an eight-headed hydra

Vault maps used:
D:1:      minmay_arrival_nine_rooms
D:2:      minmay_alternating_diamond, chequers_ecumenical_altar_island,
          serial_undead, serial_undead_a, serial_undead_a, serial_undead_a,
          serial_undead_b, serial_undead_b, serial_undead_c, first_ration
D:4:      gammafunk_wand_slinger, minmay_temple_entry_enclosed_plants,
          minmay_misc_feat_plants, minmay_misc_feat_pillars, uniq_duvessa,
          uniq_sigmund
D:5:      lightli_temple_of_fire, serial_shops, shop
D:6:      ebering_ghost_disaster_area
D:8:      kennysheep_seaside_town, uniq_joseph
D:9:      minmay_lair_entry_grove, gammafunk_ghost_nasty_kobolds,
          serial_column_ruins, column_ruins_hut_ruined, column_ruins_hut,
          column_ruins_corridor_T, column_ruins_open_medium,
          column_ruins_open_tiny, serial_shops,
          nicolae_shop_competitors_out_of_business, hangedman_fish_farm,
          trog_ov_bears_minmay, uniq_gastronok
D:10:     basic_altar, uniq_maurice
D:11:     serial_shops, freezing_bzr,
          nicolae_shop_temple_entry_statues_fountains, shop
Temple:   minmay_crystal_snake_temple

Skill      XL: |  1  2  3  4  5  6  7  8  9 10 11 12 |
---------------+-------------------------------------+-----
Transmutations | 3 4 5 7 8 |  8.0
Fighting       | 2 3 4 6 8 10 | 10.4
Ice Magic      | 1 2 3 5 |  5.0
Unarmed Combat | 4 5 7 9 10 | 10.9
Invocations    | 1 4 6 8 |  8.3
Dodging        | 3 |  3.2
Spellcasting   | |  2.0

Action                   |  1- 3 |  4- 6 |  7- 9 | 10-12 || total
-------------------------+-------+-------+-------+-------++-------
Melee: Unarmed           |    73 |   169 |   205 |   384 ||   831
       Constrict         |    17 |    24 |     4 |     7 ||    52
       Kick              |     5 |     2 |       |     3 ||    10
       Tentacles         |     9 |    14 |     3 |     6 ||    32
       Punch             |     3 |     1 |     1 |       ||     5
 Cast: Beastly Appendage |     5 |     3 |       |     1 ||     9
       Spider Form       |     1 |    12 |     9 |     3 ||    25
       Ice Form          |       |       |    20 |    47 ||    67
Invok: Minor Destruction |       |       |       |     2 ||     2
       Major Destruction |       |       |       |     1 ||     1
Evoke: Wand              |       |     2 |    13 |     2 ||    17
  Use: Scroll            |       |     3 |     4 |     5 ||    12
       Potion            |       |     1 |       |     5 ||     6
 Stab: Sleeping          |     3 |     1 |     1 |     1 ||     6
  Eat: Chunk             |     2 |    10 |    27 |    41 ||    80
       Ration            |       |       |     1 |       ||     1
Armor: Skin              |    11 |    24 |    45 |    98 ||   178
Dodge: Dodged            |    56 |   141 |   154 |   197 ||   548

Table legend:
 A = Non-vault XP
 B = Vault XP
 C = Vault XP percentage of total XP
 D = Non-vault monster count
 E = Vault monster count
 F = Vault count percentage of total count
                 A         B        C        D         E       F
            +---------+---------+-------+---------+---------+-------
      Total |   11885 |    7787 |  39.6 |     277 |      57 |  17.1
            +---------+---------+-------+---------+---------+-------
        D:1 |      39 |       0 |   0.0 |      22 |       0 |   0.0
        D:2 |      76 |      60 |  44.1 |      20 |      12 |  37.5
        D:3 |     268 |       0 |   0.0 |      37 |       0 |   0.0
        D:4 |     195 |     454 |  70.0 |      20 |       3 |  13.0
        D:5 |    1055 |       0 |   0.0 |      24 |       0 |   0.0
        D:6 |    1346 |       0 |   0.0 |      35 |       0 |   0.0
        D:7 |    2068 |       0 |   0.0 |      38 |       0 |   0.0
        D:8 |    1763 |    1784 |  50.3 |      34 |      24 |  41.4
        D:9 |    2926 |    4981 |  63.0 |      28 |      17 |  37.8
       D:10 |     986 |     508 |  34.0 |       8 |       1 |  11.1
       D:11 |    1163 |       0 |   0.0 |      11 |       0 |   0.0
            +---------+---------+-------+---------+---------+-------
